 Dungeon Crawl Stone Soup version 0.31-a0-1529-g7bd419a0e5 (webtiles) character file.

Game seed: 2230783997763207200

848 Lavandula the Grappler (level 8, 0/17 HPs)
             Began as a Formicid Shapeshifter on Dec 31, 2023.
             Slain by a hound (5 damage)
             ... on level 5 of the Dungeon.
             The game lasted 00:12:33 (4518 turns).

Lavandula the Grappler (Formicid Shapeshifter)      Turns: 4518, Time: 00:12:34

Health: 0/17       AC:  1    Str: 20    XL:     8   Next: 20%
Magic:  8/8        EV:  8    Int: 11    God:
Gold:   195        SH:  0    Dex: 13    Spells: 7/7 levels left

rFire   . .          .
                       - Unarmed
rCold   . . .        (shield currently unavailable)
rNeg    + . .        v - +1 chain mail {rN+}
rPois   +            (helmet unavailable)
rElec   .            (no cloak)
rCorr   .            (gloves currently unavailable)
SInv    +            (no boots)
Will    .....        (no amulet) Stlth
                     h - ring of poison resistance
HPRegen 0.22/turn    (no ring)
MPRegen 0.11/turn

%: no passive effects
@: blade hands
A: reduced hp, permanent stasis, dig shafts and tunnels, antennae 3, four strong
arms
a: Dig, Shaft Self, Begin Untransformation


You were on level 5 of the Dungeon.
You had blades for hands.
You visited 1 branch of the dungeon, and saw 5 of its levels.

You collected 280 gold pieces.
You spent 85 gold pieces at shops.

Inventory:

Missiles
 j - 3 javelins
Armour
 a - a +0 animal skin
 l - a +0 pair of boots
 p - a +2 buckler
 v - a +1 chain mail of positive energy (worn)
Jewellery
 h - a ring of poison resistance (left blade hand)
Talismans
 c - a beast talisman
 d - a flux talisman
 u - a blade talisman (active)
Wands
 q - a wand of roots (3)
 t - a wand of polymorph (11)
Scrolls
 g - a scroll of revelation
 k - a scroll of enchant weapon {unknown}
 m - a scroll of enchant armour {unknown}
 n - 2 scrolls of fog {unknown}
 r - a scroll of vulnerability {unknown}
 s - a scroll of immolation
 w - a scroll of blinking
Potions
 b - a potion of haste {unknown}
 e - 4 potions of heal wounds
 f - 4 potions of curing {unknown}
 i - a potion of attraction
 o - a potion of degeneration {unknown}


   Skills:
 - Level 1.1 Fighting
 - Level 1.7 Dodging
 + Level 9.3 Unarmed Combat
 - Level 3.2 Shapeshifting


You had 7 spell levels left.
You didn't know any spells.
Your spell library contained the following spells:

 Spells                   Type           Power      Damage    Failure   Level
 Magic Dart               Conj           0%         1d3       97%         1
 Call Imp                 Summ           0%         N/A       99%         2
 Cigotuvi's Dreadful Rot  Necr/Alch/Air  0%         N/A       99%         2
 Dazzling Flash           Conj/Hex       0%         N/A       100%        3
 Mephitic Cloud           Conj/Alch/Air  0%         N/A       100%        3
 Ignite Poison            Fire/Alch      0%         N/A       100%        4
 Curse of Agony           Necr           0%         N/A       100%        5
 Freezing Cloud           Conj/Ice/Air   0%         6-21      100%        5
 Silence                  Hex/Air        0%         N/A       100%        5
 Blink                    Tloc           Unusable   N/A       N/A         2

Dungeon Overview and Level Annotations

Branches:
Dungeon (5/15)
 Temple: D:4-7

Altars:

Shops:
D:4 *   D:5 *

Annotations:
D:4 exclusion: door


Innate Abilities, Weirdness & Mutations

You have blades for hands.
Your maximum health is decreased, since you lack skill for your form.
You are incapable of wielding weapons or throwing items.
You cannot be hasted, slowed, berserked, paralysed or teleported.
You can dig through walls and to a lower floor.
You have a pair of large antennae on your head. (SInv)
Your four strong arms can wield two-handed weapons with a shield.


Message History

There is an open door, spattered with blood here.
You see here an adder corpse.
You open the door.
There is an open door here.
You open the door.
There is an open door here.
You now have 188 gold pieces (gained 17).
As you open the door, it creaks loudly!
There is an open door here.
Found a scroll of noise.
You now have 195 gold pieces (gained 7).
Found an escape hatch in the ceiling.
You open the door.
There is an open door here.
You open the door.
There is an open door here.
You open the door.
Found a stone staircase leading down.
There is an open door here.
Found 5 stones.
A hound comes into view.
The hound barks!
You hear a shout!
A hound is nearby!
An ufetubus comes into view.
You completely miss the hound. The hound bites you.
An ufetubus comes into view.
The hound barely misses you.
You miss the hound.
The ufetubus shouts!
The hound bites you but does no damage.
You slash the hound!
The hound is heavily wounded.
The ufetubus barely misses you. The ufetubus hits you.
The hound barely misses you.
You barely miss the hound.
The hound is heavily wounded.
The ufetubus hits you. x2
* * * LOW HITPOINT WARNING * * *
The hound bites you.
You die...

+..#.......#....#
#..#.......#...#
#..#.......###+##
#..#............#
#..#............#
#..#............#
#..##'#####.....#+####
..........'.........(#
..........#.....@h...#
#..##.....#......5...+
#..##.....#..........#
...###'####.....#####5..
....'.....#.....# ,..
....#.....#.....# .
###########..>..#
#######


You could see a hound and 2 ufetubi.

Vanquished Creatures
  Grinder (D:4)
  Sigmund (D:3)
  Menkaure (D:4)
  A centaur (D:5)
  A scorpion (D:4)
  2 jellies (D:4)
  Robin (D:2)
  7 adders
  A dart slug (D:2)
  A ribbon worm (D:3)
  9 orcs
  8 endoplasms
  7 giant cockroaches
  13 goblins
  11 hobgoblins
  2 quokkas
  7 ball pythons
  6 bats
  5 frilled lizards
  8 kobolds
  4 rats
97 creatures vanquished.

Notes
Turn   | Place    | Note
-------+----------+-------------------------------------------
     0 | D:1      | Lavandula the Formicid Shapeshifter began the quest for the
                  | Orb.
     0 | D:1      | Reached XP level 1. HP: 15/15 MP: 1/1
   279 | D:1      | Found a faded altar of an unknown god.
   364 | D:1      | Reached XP level 2. HP: 16/21 MP: 2/2
   939 | D:2      | Reached skill level 4 in Unarmed Combat
   939 | D:2      | Reached XP level 3. HP: 26/26 MP: 3/3
  1503 | D:2      | Reached XP level 4. HP: 19/32 MP: 4/4
  1587 | D:2      | Noticed Robin
  1620 | D:2      | Killed Robin
  1852 | D:3      | Reached skill level 5 in Unarmed Combat
  2113 | D:3      | Reached XP level 5. HP: 26/37 MP: 5/5
  2227 | D:3      | Noticed Sigmund
  2241 | D:3      | Killed Sigmund
  2242 | D:3      | Reached skill level 6 in Unarmed Combat
  2242 | D:3      | Reached XP level 6. HP: 43/43 MP: 6/6
  2674 | D:3      | Noticed an ogre
  3042 | D:4      | Reached skill level 7 in Unarmed Combat
  3187 | D:4      | Noticed Menkaure
  3191 | D:4      | Killed Menkaure
  3192 | D:4      | Reached XP level 7. HP: 48/48 MP: 7/7
  3548 | D:4      | Reached skill level 8 in Unarmed Combat
  3749 | D:4      | Found Pustroti's Assorted Antiques.
  3759 | D:4      | Bought a dark potion for 18 gold pieces
  3759 | D:4      | Bought a coppery potion for 18 gold pieces
  3759 | D:4      | Bought a scroll of identify for 40 gold pieces
  4020 | D:4      | Noticed Grinder
  4030 | D:4      | Killed Grinder
  4031 | D:4      | Reached XP level 8. HP: 52/54 MP: 8/8
  4204 | D:5      | Entered Level 5 of the Dungeon
  4252 | D:5      | Identified the +6 glaive of Shame {pain, rC+ Dex+6}
  4278 | D:5      | Reached skill level 9 in Unarmed Combat
  4396 | D:5      | Found Minolov's CLEARANCE SALE!.
  4403 | D:5      | Bought a scroll of noise for 3 gold pieces
  4403 | D:5      | Bought a scroll of identify for 6 gold pieces
  4518 | D:5      | Slain by a hound

Illustrated notes

Levels and vault maps discovered:
D:1:      dpeg_arrival_circle_labyrinth_c, layout_basic,
          hellmonk_ecumenical_altar_zigzags
D:2:      layout_loops_cross, uniq_robin
D:3:      layout_loops_ring, minmay_checkerbox, uniq_sigmund
D:4:      cheibrodos_greedy_goblins, layout_basic, serial_shops, shop,
          minmay_ruptured, uniq_grinder, uniq_menkaure
D:5:      layout_gridville, nicolae_shop_clearance

Skill      XL: |  1  2  3  4  5  6  7  8 |
---------------+-------------------------+-----
Unarmed Combat | 4 5 6 7 8 9 |  9.3
Fighting       | |  1.1
Dodging        | |  1.7
Shapeshifting  | |  3.2

Action                     |  1- 3 |  4- 6 |  7- 9 || total
---------------------------+-------+-------+-------++-------
  Melee: Unarmed           |   104 |    93 |    62 ||   259
         Punch             |     2 |     1 |     2 ||     5
Ability: Dig               |       |     1 |       ||     1
         Begin Untransform |       |       |     1 ||     1
  Evoke: Wand              |       |       |     1 ||     1
    Use: Scroll            |       |     3 |     4 ||     7
         Potion            |       |     2 |     1 ||     3
   Stab: Sleeping          |     2 |       |       ||     2
 Armour: Animal skin       |    33 |    34 |    10 ||    77
         Skin              |       |     4 |       ||     4
         Chain mail        |       |       |    39 ||    39
  Dodge: Dodged            |    55 |    45 |    33 ||   133
   Form: Blade             |       |       |     1 ||     1

Table legend: (Time is in decaauts)
 A = Elapsed time spent in this place.
 B = Non-inter-level travel time spent in this place.
 C = Inter-level travel time spent in this place.
 D = Time resting spent in this place.
 E = Time spent auto-exploring this place.
 F = Levels seen in this place.
 G = Mean time per level.
                   A        B        C        D        E       F      G
               +--------+--------+--------+--------+--------+-----+--------+
         Total |   4492 |   4293 |    199 |    398 |   2973 |   5 |  898.4 |
       Dungeon |   4492 |   4293 |    199 |    398 |   2973 |   5 |  898.4 |
               +--------+--------+--------+--------+--------+-----+--------+

Top non-repeatable levels by time:
     D:3: 1220 daAuts
     D:4: 1172 daAuts
     D:2: 897 daAuts
     D:1: 891 daAuts
     D:5: 311 daAuts
